TOP OF THE 1ST |
Virginia Black Bears batting - Pitching for Chicago Cubs : LHP Evan Frid
|
Pitching: LHP Evan Frid
|
|
Batting: RHB Simon Bartels
|
0-0: Called Strike 0-1: Swinging Strike 0-2: DOUBLE (Flyball, 8RXD, EV 113.1 MPH)
|
Batting: RHB Stanton Rosenberg
|
0-0: Foul Ball, location: 2F 0-1: Foul Ball, location: 7LMF 0-2: Ball 1-2: Foul Ball, location: 25F 1-2: Ball 2-2: Ball 3-2: Base on Balls
|
Batting: LHB Kenneth Mueller
|
0-0: Foul Ball, location: 2F 0-1: Foul Ball, location: 9LMF 0-2: Foul Ball, location: 5F 0-2: Ball 1-2: Ball 2-2: SINGLE (Groundball, 3D, EV 105.6 MPH) Simon Bartels to third Stanton Rosenberg to second Runner from 3rd tries for Home, SAFE, throw by RF to trailing runner, OUT at third! 9-3-5
|
Batting: RHB Zuriel Granberg
|
0-0: Grounds into double play, 5-4-3 (Groundball, 56, EV 85.0 MPH)
|
Top of the 1st over - 1 run, 2 hits, 0 errors, 0 left on base; Virginia 1 - Chicago 0 |
BOTTOM OF THE 1ST |
Chicago Cubs batting - Pitching for Virginia Black Bears : RHP J.J. Richardson
|
Pitching: RHP J.J. Richardson
|
|
Batting: RHB Zach Hicks
|
0-0: Foul Ball, location: 9LDF 0-1: Ball 1-1: Ground out 4-3 (Groundball, 4S, EV 76.3 MPH)
|
Batting: RHB Manuel Santos
|
0-0: Ball 1-0: SINGLE (Line Drive, 78M, EV 95.0 MPH)
|
Batting: LHB Ethan Wolfe
|
0-0: Ball Manuel Santos steals 2nd base 1-0: Swinging Strike 1-1: Foul Ball, location: 2LF 1-2: Fly out, F8 (Flyball, 8RS, EV 87.5 MPH)
|
Batting: LHB Jason Saeger
|
0-0: Ball 1-0: Ground out 5-3 (Groundball, 25, EV 90.6 MPH)
|
Bottom of the 1st over - 0 runs, 1 hit, 0 errors, 1 left on base; Virginia 1 - Chicago 0 |
TOP OF THE 2ND |
Virginia Black Bears batting - Pitching for Chicago Cubs : LHP Evan Frid
|
Batting: RHB Jon Bryant
|
0-0: Called Strike 0-1: Ball 1-1: Called Strike 1-2: DOUBLE (Line Drive, 89D, EV 103.8 MPH)
|
Batting: RHB Sam Edwards
|
0-0: Ball 1-0: Ground out 5-3 (Groundball, 56, EV 77.5 MPH)
|
Batting: RHB Nathan Gonzales
|
0-0: Ball 1-0: Ball 2-0: Called Strike 2-1: Ground out 6-3 (Groundball, 6, EV 106.3 MPH)
|
Batting: SHB Gebhard Bothe
|
0-0: Called Strike 0-1: Ball 1-1: Fly out, F7 (Flyball, 78M, EV 93.8 MPH)
|
Top of the 2nd over - 0 runs, 1 hit, 0 errors, 1 left on base; Virginia 1 - Chicago 0 |
BOTTOM OF THE 2ND |
Chicago Cubs batting - Pitching for Virginia Black Bears : RHP J.J. Richardson
|
Batting: RHB Antwon Ferrer
|
0-0: Called Strike 0-1: Ground out 6-3 (Groundball, 56, EV 101.9 MPH)
|
Batting: RHB Josh Segura
|
0-0: Ground out 4-3 (Groundball, 4, EV 78.8 MPH)
|
Batting: RHB Yesus Vanegas
|
0-0: Called Strike 0-1: Ball 1-1: Foul Ball, location: 2F 1-2: Fly out, F5 (Line Drive, 56, EV 65.0 MPH)
|
Bottom of the 2nd over - 0 runs, 0 hits, 0 errors, 0 left on base; Virginia 1 - Chicago 0 |
TOP OF THE 3RD |
Virginia Black Bears batting - Pitching for Chicago Cubs : LHP Evan Frid
|
Batting: RHB Shane Barnes
|
0-0: Ball 1-0: Foul Ball, location: 2F 1-1: Foul Ball, location: 7LSF 1-2: Ball 2-2: Strikes out swinging
|
Batting: RHB Simon Bartels
|
0-0: Ground out 1-3 (Groundball, 13S, EV 75.6 MPH)
|
Batting: RHB Stanton Rosenberg
|
0-0: Ball 1-0: Swinging Strike 1-1: Ball 2-1: Ground out 4-3 (Groundball, 4, EV 90.0 MPH)
|
Top of the 3rd over - 0 runs, 0 hits, 0 errors, 0 left on base; Virginia 1 - Chicago 0 |
BOTTOM OF THE 3RD |
Chicago Cubs batting - Pitching for Virginia Black Bears : RHP J.J. Richardson
|
Batting: RHB Dwight Mattocks
|
0-0: Ball 1-0: Ground out 6-3 (Groundball, 6, EV 81.9 MPH)
|
Batting: SHB Constantino Gallardo
|
0-0: Ball 1-0: Foul Ball, location: 2F 1-1: Foul Ball, location: 2F 1-2: Ball 2-2: Ball 3-2: Fly out, F8 (Flyball, 8RXD, EV 96.9 MPH)
|
Batting: RHB Zach Hicks
|
0-0: Called Strike 0-1: Called Strike 0-2: Ball 1-2: Ball 2-2: Foul Ball, location: 25F 2-2: Fly out, F9 (Flyball, 9D, EV 97.5 MPH)
|
Bottom of the 3rd over - 0 runs, 0 hits, 0 errors, 0 left on base; Virginia 1 - Chicago 0 |
TOP OF THE 4TH |
Virginia Black Bears batting - Pitching for Chicago Cubs : LHP Evan Frid
|
Batting: LHB Kenneth Mueller
|
0-0: Ball 1-0: Called Strike 1-1: Ground out 6-3 (Groundball, 6, EV 90.6 MPH)
|
Batting: RHB Zuriel Granberg
|
0-0: Swinging Strike 0-1: Swinging Strike 0-2: Ball 1-2: Strikes out swinging
|
Batting: RHB Jon Bryant
|
0-0: Called Strike 0-1: Called Strike 0-2: Strikes out swinging
|
Top of the 4th over - 0 runs, 0 hits, 0 errors, 0 left on base; Virginia 1 - Chicago 0 |
BOTTOM OF THE 4TH |
Chicago Cubs batting - Pitching for Virginia Black Bears : RHP J.J. Richardson
|
Batting: RHB Manuel Santos
|
0-0: Ball 1-0: Called Strike 1-1: Called Strike 1-2: Ball 2-2: Ball 3-2: Foul Ball, location: 2F 3-2: TRIPLE (Line Drive, 78XD, EV 103.8 MPH)
|
Batting: LHB Ethan Wolfe
|
0-0: Ball 1-0: Foul Ball, location: 2F 1-1: Fly out, F3 (Line Drive, 34D, EV 96.3 MPH)
|
Batting: LHB Jason Saeger
|
0-0: Called Strike 0-1: Ball 1-1: Swinging Strike 1-2: DOUBLE (Line Drive, 78M, EV 101.3 MPH) Manuel Santos scores
|
Batting: RHB Antwon Ferrer
|
0-0: Called Strike 0-1: Fly out, F8 (Flyball, 78D, EV 98.8 MPH) Runner from 2nd tags up, OUT at 3rd! 8-5
|
Bottom of the 4th over - 1 run, 2 hits, 0 errors, 0 left on base; Virginia 1 - Chicago 1 |
TOP OF THE 5TH |
Virginia Black Bears batting - Pitching for Chicago Cubs : LHP Evan Frid
|
Batting: RHB Sam Edwards
|
0-0: Ground out 6-3 (Groundball, 6M, EV 84.4 MPH)
|
Batting: RHB Nathan Gonzales
|
0-0: Foul Ball, location: 23FF 0-1: Ball 1-1: Foul Ball, location: 2LF 1-2: Reached on error, E6 (Groundball, 6S, EV 82.5 MPH)
|
Batting: SHB Gebhard Bothe
|
0-0: Called Strike 0-1: Fly out, F6 (Line Drive, 6D, EV 74.4 MPH)
|
Batting: RHB Shane Barnes
|
0-0: Ground out 4-3 (Groundball, 4, EV 105.0 MPH)
|
Top of the 5th over - 0 runs, 0 hits, 1 error, 1 left on base; Virginia 1 - Chicago 1 |
BOTTOM OF THE 5TH |
Chicago Cubs batting - Pitching for Virginia Black Bears : RHP J.J. Richardson
|
Batting: RHB Josh Segura
|
0-0: Ground out 1-3 (Groundball, 34S, EV 65.6 MPH)
|
Batting: RHB Yesus Vanegas
|
0-0: Fly out, F8 (Flyball, 89D, EV 95.6 MPH)
|
Batting: RHB Dwight Mattocks
|
0-0: Ball 1-0: Called Strike 1-1: Ball 2-1: Fly out, F9 (Line Drive, 9S, EV 101.9 MPH)
|
Bottom of the 5th over - 0 runs, 0 hits, 0 errors, 0 left on base; Virginia 1 - Chicago 1 |
TOP OF THE 6TH |
Virginia Black Bears batting - Pitching for Chicago Cubs : LHP Evan Frid
|
Batting: RHB Simon Bartels
|
0-0: Ball 1-0: Ball 2-0: Ball 3-0: Called Strike 3-1: Foul Ball, location: 3SF 3-2: Base on Balls
|
Batting: RHB Stanton Rosenberg
|
0-0: Swinging Strike 0-1: Swinging Strike 0-2: Ball 1-2: Hit by Pitch Simon Bartels to second
|
Pinch Runner at 1st Nathaniel Armstrong:
|
|
Batting: LHB Kenneth Mueller
|
0-0: Fly out, F4 (Line Drive, 4D, EV 68.1 MPH)
|
Batting: RHB Zuriel Granberg
|
0-0: Called Strike 0-1: SINGLE (Line Drive, 56D, EV 102.5 MPH) Simon Bartels to third Nathaniel Armstrong to second
|
Batting: RHB Jon Bryant
|
0-0: Fly out, F8 (Flyball, 8LD, EV 98.8 MPH) Runner from 3rd tags up, SCORES, no throw by CF
|
Batting: RHB Sam Edwards
|
0-0: Ball 1-0: Ball 2-0: Called Strike 2-1: Fly out, F6 (Popup, P, EV 75.0 MPH)
|
Top of the 6th over - 1 run, 1 hit, 0 errors, 2 left on base; Virginia 2 - Chicago 1 |
BOTTOM OF THE 6TH |
Chicago Cubs batting - Pitching for Virginia Black Bears : RHP J.J. Richardson
|
Batting: SHB Constantino Gallardo
|
0-0: Foul Ball, location: 2F 0-1: Called Strike 0-2: Strikes out swinging
|
Batting: RHB Zach Hicks
|
0-0: Foul Ball, location: 9LMF 0-1: Ball 1-1: Ground out 5-3 (Groundball, 56S, EV 82.5 MPH)
|
Batting: RHB Manuel Santos
|
0-0: Called Strike 0-1: Fly out, F8 (Flyball, 89M, EV 100.0 MPH)
|
Bottom of the 6th over - 0 runs, 0 hits, 0 errors, 0 left on base; Virginia 2 - Chicago 1 |
TOP OF THE 7TH |
Virginia Black Bears batting - Pitching for Chicago Cubs : LHP Evan Frid
|
Batting: RHB Nathan Gonzales
|
0-0: Ground out 4-3 (Groundball, 4MD, EV 85.6 MPH)
|
Batting: SHB Gebhard Bothe
|
0-0: Called Strike 0-1: Swinging Strike 0-2: Ball 1-2: Strikes out swinging
|
Batting: RHB Shane Barnes
|
0-0: SINGLE (Groundball, 6MD, EV 105.0 MPH)
|
Batting: RHB Simon Bartels
|
0-0: Ball 1-0: Swinging Strike 1-1: Called Strike 1-2: Foul Ball, location: 2F 1-2: Strikes out swinging
|
Top of the 7th over - 0 runs, 1 hit, 0 errors, 1 left on base; Virginia 2 - Chicago 1 |
BOTTOM OF THE 7TH |
Chicago Cubs batting - Pitching for Virginia Black Bears : RHP J.J. Richardson
|
Batting: LHB Ethan Wolfe
|
0-0: Called Strike 0-1: Ball 1-1: Foul Ball, location: 7LSF 1-2: Ground out U3 (Groundball, 34, EV 104.4 MPH)
|
Batting: LHB Jason Saeger
|
0-0: Ball 1-0: Ball 2-0: Reached on error, E4 (Groundball, 4, EV 87.5 MPH)
|
Batting: RHB Antwon Ferrer
|
0-0: Fly out, F9 (Line Drive, 9, EV 104.4 MPH)
|
Batting: RHB Josh Segura
|
0-0: Ground out 4-3 (Groundball, 4, EV 97.5 MPH)
|
Bottom of the 7th over - 0 runs, 0 hits, 1 error, 1 left on base; Virginia 2 - Chicago 1 |
TOP OF THE 8TH |
Virginia Black Bears batting - Pitching for Chicago Cubs : LHP Evan Frid
|
Batting: RHB Nathaniel Armstrong
|
0-0: Called Strike 0-1: Ball 1-1: Ball 2-1: Foul Ball, location: 23F 2-2: Foul Ball, location: 9LSFF 2-2: Ball 3-2: Base on Balls
|
Batting: LHB Kenneth Mueller
|
0-0: Called Strike 0-1: Ball 1-1: SINGLE (Groundball, 34D, EV 101.9 MPH) Nathaniel Armstrong to second Runner from 2nd tries for 3rd, SAFE, throw by RF made to third
|
Batting: RHB Zuriel Granberg
|
Pickoff Throw to First - Out! 1-3 0-0: Foul Ball, location: 9LSF 0-1: Called Strike 0-2: Ball 1-2: Ball 2-2: Strikes out swinging
|
Pitching: RHP Jackson Baione
|
|
Batting: RHB Jon Bryant
|
0-0: Foul Ball, location: 9LMF 0-1: SINGLE (Groundball, 6MD, EV 99.4 MPH) Nathaniel Armstrong scores
|
Batting: RHB Sam Edwards
|
0-0: Ball 1-0: Ball 2-0: Ball 3-0: Base on Balls Jon Bryant to second
|
Batting: RHB Nathan Gonzales
|
0-0: Reached on error, E5 (Groundball, 56, EV 98.1 MPH) Jon Bryant to third Sam Edwards to second
|
Batting: SHB Gebhard Bothe
|
0-0: Swinging Strike 0-1: Ball 1-1: Ball 2-1: Ball 3-1: Foul Ball, location: 5F 3-2: Ground out U3 (Groundball, 34, EV 106.3 MPH)
|
Top of the 8th over - 1 run, 2 hits, 1 error, 3 left on base; Virginia 3 - Chicago 1 |
BOTTOM OF THE 8TH |
Chicago Cubs batting - Pitching for Virginia Black Bears : RHP J.J. Richardson
|
Batting: RHB Yesus Vanegas
|
0-0: Foul Ball, location: 2F 0-1: Ball 1-1: Foul Ball, location: 9LDF 1-2: Foul Ball, location: 2F 1-2: Foul Ball, location: 25F 1-2: Ball 2-2: SINGLE (Line Drive, 78S, EV 86.9 MPH)
|
Batting: RHB Dwight Mattocks
|
0-0: Ball 1-0: Fly out, F8 (Line Drive, 8LM, EV 82.5 MPH)
|
Batting: SHB Constantino Gallardo
|
0-0: Called Strike 0-1: Called Strike 0-2: Ball 1-2: Ball 2-2: Foul Ball, location: 2RF 2-2: DOUBLE (Flyball, 78XD, EV 100.6 MPH) Yesus Vanegas to third
|
Pitching: RHP Hadji Koulibaly
|
|
Batting: RHB Zach Hicks
|
0-0: Called Strike 0-1: Ball 1-1: Fly out, F7 (Flyball, 78D, EV 106.9 MPH) Runner from 3rd tags up, SCORES, no throw by LF
|
Pinch Hitting: SHB J.P. Porras
|
0-0: Ball 1-0: Fly out, F2 (Popup, 2R, EV 96.9 MPH)
|
Bottom of the 8th over - 1 run, 2 hits, 0 errors, 1 left on base; Virginia 3 - Chicago 2 |
TOP OF THE 9TH |
Virginia Black Bears batting - Pitching for Chicago Cubs : RHP Jackson Baione
|
Now in CF: J.P. Porras
|
|
Pinch Hitting: LHB Iván Arca
|
0-0: Ball 1-0: SOLO HOME RUN (Flyball, 89XD, EV 105.6 MPH), Distance : 394 ft
|
Batting: RHB Simon Bartels
|
0-0: Called Strike 0-1: Ball 1-1: Fly out, F9 (Flyball, 9D, EV 105.6 MPH)
|
Batting: RHB Nathaniel Armstrong
|
0-0: Called Strike 0-1: Ball 1-1: Ground out 6-3 (Groundball, 6S, EV 78.1 MPH)
|
Pitching: RHP Omar Diaz
|
|
Batting: LHB Kenneth Mueller
|
0-0: Called Strike 0-1: Ball 1-1: Ball 2-1: Ball 3-1: Base on Balls
|
Batting: RHB Zuriel Granberg
|
0-0: Called Strike Kenneth Mueller steals 2nd base 0-1: 2-RUN HOME RUN (Flyball, 7D, EV 98.1 MPH), Distance : 382 ft
|
Batting: RHB Jon Bryant
|
0-0: Foul Ball, location: 5F 0-1: Ball 1-1: Fly out, F9 (Flyball, 9, EV 85.6 MPH)
|
Top of the 9th over - 3 runs, 2 hits, 0 errors, 0 left on base; Virginia 6 - Chicago 2 |
BOTTOM OF THE 9TH |
Chicago Cubs batting - Pitching for Virginia Black Bears : RHP Hadji Koulibaly
|
Now in CF: Iván Arca
|
|
Batting: LHB Ethan Wolfe
|
0-0: Ball 1-0: Called Strike 1-1: Fly out, F8 (Flyball, 8LD, EV 108.1 MPH)
|
Batting: LHB Jason Saeger
|
0-0: Called Strike 0-1: Swinging Strike 0-2: Ball 1-2: Ball 2-2: Strikes out looking
|
Batting: RHB Antwon Ferrer
|
0-0: Swinging Strike 0-1: Swinging Strike 0-2: Foul Ball, location: 5FF 0-2: Ball 1-2: DOUBLE (Line Drive, 7LM, EV 101.9 MPH)
|
Pitching: RHP Samuel Alcântara
|
|
Batting: RHB Josh Segura
|
0-0: Ground out 5-3 (Groundball, 56, EV 100.0 MPH)
|
Bottom of the 9th over - 0 runs, 1 hit, 0 errors, 1 left on base; Virginia 6 - Chicago 2 |
|